 Dungeon Crawl Stone Soup version 0.31-a0-198-g2ad674f65e (webtiles) character file.

Game seed: 8740168376123275004

1607 qw the Skirmisher (level 8, 0/46 HPs)
             Began as a Deep Elf Hunter on June 25, 2023.
             Was an Initiate of Okawaru.
             Slain by an orc warrior
             ... wielding a +0 scimitar
              (6 damage)
             ... on level 7 of the Dungeon.
             The game lasted 00:01:48 (4539 turns).

qw the Skirmisher (Deep Elf Hunter)                 Turns: 4539, Time: 00:01:49

Health: 0/46       AC:  8    Str: 10    XL:     8   Next: 63%
Magic:  10/10      EV: 12    Int: 15    God:    Okawaru [......]
Gold:   207        SH:  0    Dex: 18    Spells: 7/7 levels left

rFire   . . .        Y - +4 shortbow (heavy)
rCold   . . .        (shield currently unavailable)
rNeg    . . .        d - +0 ring mail
rPois   .            (no helmet)
rElec   .            k - +0 cloak
rCorr   .            h - +0 pair of gloves
SInv    .            b - +0 pair of boots
Will    .....        c - amulet of faith
Stlth   +            g - +4 ring of slaying {mikee}
HPRegen 0.27/turn    (no ring)
MPRegen 0.12/turn

%: faith
@: no status effects
A: no striking features
a: Renounce Religion


You were on level 7 of the Dungeon.
You worshipped Okawaru.
Okawaru was noncommittal.
You visited 2 branches of the dungeon, and saw 7 of its levels.

You collected 282 gold pieces.
You spent 75 gold pieces at shops.


   Skills:
 - Level 3.0 Fighting
 + Level 13.7 Ranged Weapons
 - Level 1.5 Armour
 - Level 4.0 Dodging
 - Level 1.2 Stealth


You had 7 spell levels left.
You didn't know any spells.
Your spell library was empty.

Inventory:

Hand Weapons
 Y - a +4 heavy shortbow (weapon)
Armour
 b - a +0 pair of boots (worn)
 d - a +0 ring mail (worn)
 h - a +0 pair of gloves (worn)
 k - a +0 cloak (worn)
Jewellery
 c - an amulet of faith (around neck)
 g - a +4 ring of slaying (left hand) {mikee}
Potions
 a - 5 potions of curing
 e - a potion of ambrosia {unknown}
 f - a potion of attraction {unknown}
 i - a potion of mutation {unknown}

Dungeon Overview and Level Annotations

Branches:
Dungeon (7/15)             Temple (1/1) D:7

Altars:
Ashenzari
Cheibriados
Dithmenos
Elyvilon
Fedhas
Gozag
Hepliaklqana
Kikubaaqudgha
Makhleb
Nemelex Xobeh
Okawaru
Ru
Sif Muna
Trog
Uskayaw
Vehumet
Wu Jian
Xom
Yredelemnul
Zin
The Shining One

Shops:
D:1 [   D:2 ?


Message History

You shoot an arrow. The orc shouts!
The arrow hits the orc warrior but does no damage.
The orc warrior throws a boomerang.
The boomerang hits you.
You shoot an arrow.
The arrow barely misses the orc warrior.
An orc wizard comes into view. It is wielding a +0 dagger.
You shoot an arrow.
The arrow hits the orc warrior but does no damage.
The orc warrior throws a boomerang.
The boomerang closely misses you.
An orc comes into view. It is wielding a +0 hand axe.
You shoot an arrow. The arrow completely misses the orc.
The orc shouts!
The arrow hits the orc wizard!!
You kill the orc wizard!
Okawaru accepts your kill.
You shoot an arrow.
The arrow barely misses the orc warrior.
The arrow hits the orc!!
You kill the orc!
Okawaru accepts your kill.
The orc warrior throws a boomerang.
The boomerang hits you.
You shoot an arrow. The arrow hits the orc!
You kill the orc!
Okawaru accepts your kill.
You shoot an arrow.
The arrow closely misses the orc warrior.
You shoot an arrow. The arrow hits the orc warrior.
The orc warrior is lightly wounded.
The orc warrior completely misses you.
You shoot an arrow. The arrow hits the orc warrior!
The orc warrior is heavily wounded.
The orc warrior hits you with a +0 scimitar!
You shoot an arrow. The arrow hits the orc warrior.
The orc warrior is heavily wounded.
The orc warrior hits you with a +0 scimitar! x2
You shoot an arrow.
The arrow closely misses the orc warrior.
The orc warrior hits you with a +0 scimitar.
You die...

............##
..............##
#..............#
#.............. #
##...........
#.###..........#
#.............#
#............#
+.....$@....## ###+###
####...o.....#####.....#
#.).####...##.#.###.#
#..# #......'.'>#.+ #..
#......#.###.# #)).
#......#.....# ...)
#......###'### ....
#.............
#........###.).


You could see an orc warrior.

Vanquished Creatures
  A steam dragon (D:7)
  A water moccasin (D:5)
  An orc warrior (D:7)
  A black bear (D:4)
  An ogre (D:4)
  2 phantoms (D:4)
  3 scorpions
  2 orc priests (D:5)
  A centaur skeleton (D:4)
  Terence (D:3)
  Jessica (D:3)
  3 iguanas
  9 orc wizards
  A scorpion zombie (D:4)
  A hound zombie (D:4)
  10 gnolls
  7 adders
  2 worms (D:3)
  An adder skeleton (D:4)
  2 adder zombies (D:4)
  4 dart slugs
  14 orcs
  4 ball pythons
  3 bats
  8 endoplasms
  4 giant cockroaches
  7 goblins
  8 hobgoblins
  9 kobolds
  6 quokkas
  3 frilled lizards
  7 rats
128 creatures vanquished.

Notes
Turn   | Place    | Note
-------+----------+-------------------------------------------
     0 | D:1      | qw the Deep Elf Hunter began the quest for the Orb.
     0 | D:1      | Reached XP level 1. HP: 12/12 MP: 3/3
     0 | D:1      | 0 ||| qw: Version: 0.3-a-22-g0ed2b0b
     0 | D:1      | 0 ||| qw: Game counter: 5148
     0 | D:1      | 0 ||| qw: Melee chars always use a shield: true
     0 | D:1      | 0 ||| qw: God list: Okawaru
     0 | D:1      | 0 ||| qw: Allow faded altars: false
     0 | D:1      | 0 ||| qw: Do Orc after clearing Dungeon:15 true
     0 | D:1      | 0 ||| qw: Do second Lair branch before Depths: true
     0 | D:1      | 0 ||| qw: Lair rune preference: random
     0 | D:1      | 0 ||| qw: Goals: Normal
     0 | D:1      | 0 ||| PLANNING D:1-11
   306 | D:1      | Reached XP level 2. HP: 16/16 MP: 4/4
   378 | D:1      | Found Reqegy's Armour Shoppe.
   386 | D:1      | 386 ||| SHOPLISTING +2 ring mail of fire resistance (273
                  | gold, have 32).
   431 | D:1      | Reached skill level 6 in Ranged Weapons
   825 | D:1      | 825 ||| UPGRADING to +0 ring mail.
   835 | D:1      | 835 ||| DROPPING +0 leather armour.
   836 | D:1      | 836 ||| UPGRADING to +4 ring of slaying {mikee}.
   837 | D:1      | 837 ||| READING scroll labelled BOCETE ZEDD.
   838 | D:1      | 838 ||| READING scroll labelled JAYLUBR WORPHE.
   839 | D:1      | 839 ||| READING 2 scrolls labelled TOXEHO RILAHUNTOO.
   840 | D:1      | 840 ||| READING scroll of enchant weapon.
   840 | D:1      | 840 ||| ENCHANTING +1 shortbow.
   841 | D:1      | 841 ||| DROPPING scroll of butterflies.
   945 | D:2      | Found Hawysmyrr's Magic Scroll Shop.
   950 | D:2      | 950 ||| BUYING scroll of enchant weapon (75 gold).
   950 | D:2      | Bought a scroll of enchant weapon for 75 gold pieces
   950 | D:2      | 950 ||| SHOPLISTING scroll of identify (20 gold, have 12).
   950 | D:2      | 950 ||| SHOPLISTING scroll of teleportation (30 gold, have
                  | 12).
   950 | D:2      | 950 ||| READING scroll of enchant weapon.
   950 | D:2      | 950 ||| ENCHANTING +2 shortbow.
  1047 | D:2      | Reached XP level 3. HP: 18/19 MP: 5/5
  1169 | D:2      | Reached skill level 7 in Ranged Weapons
  1296 | D:2      | 1296 ||| FLEEEEING.
  1297 | D:2      | 1297 ||| FLEEEEING.
  1299 | D:2      | 1299 ||| FLEEEEING.
  1300 | D:2      | 1300 ||| FLEEEEING.
  1301 | D:2      | 1301 ||| FLEEEEING.
  1302 | D:2      | 1302 ||| FLEEEEING.
  1303 | D:2      | 1303 ||| FLEEEEING.
  1304 | D:2      | 1304 ||| FLEEEEING.
  1305 | D:2      | 1305 ||| FLEEEEING.
  1306 | D:2      | 1306 ||| FLEEEEING.
  1307 | D:2      | 1307 ||| FLEEEEING.
  1399 | D:2      | 1399 ||| FLEEEEING.
  1793 | D:2      | 1793 ||| UPGRADING to amulet of faith.
  1798 | D:2      | 1798 ||| READING scroll labelled QUZXAN GUUCWUT.
  1799 | D:2      | 1799 ||| DRINKING 3 bubbling clear potions.
  1800 | D:2      | 1800 ||| DRINKING 2 cyan potions.
  1801 | D:2      | 1801 ||| DROPPING potion of degeneration.
  1933 | D:3      | Found a faded altar of an unknown god.
  1983 | D:3      | Reached XP level 4. HP: 25/25 MP: 6/6
  2208 | D:3      | Noticed Terence
  2214 | D:3      | Killed Terence
  2215 | D:3      | Reached skill level 8 in Ranged Weapons
  2243 | D:3      | 2243 ||| FLEEEEING.
  2244 | D:3      | 2244 ||| FLEEEEING.
  2245 | D:3      | 2245 ||| FLEEEEING.
  2256 | D:3      | 2256 ||| FLEEEEING.
  2257 | D:3      | 2257 ||| FLEEEEING.
  2259 | D:3      | 2259 ||| FLEEEEING.
  2262 | D:3      | 2262 ||| FLEEEEING.
  2263 | D:3      | 2263 ||| FLEEEEING.
  2264 | D:3      | 2264 ||| FLEEEEING.
  2265 | D:3      | 2265 ||| FLEEEEING.
  2266 | D:3      | 2266 ||| FLEEEEING.
  2267 | D:3      | 2267 ||| FLEEEEING.
  2273 | D:3      | 2273 ||| FLEEEEING.
  2274 | D:3      | 2274 ||| FLEEEEING.
  2275 | D:3      | 2275 ||| FLEEEEING.
  2276 | D:3      | 2276 ||| FLEEEEING.
  2277 | D:3      | 2277 ||| FLEEEEING.
  2285 | D:3      | 2285 ||| STAIRDANCE
  2302 | D:2      | 2302 ||| UPGRADING to +0 pair of boots.
  2307 | D:2      | 2307 ||| UPGRADING to +0 pair of gloves.
  2312 | D:2      | 2312 ||| READING scroll labelled APAWKE QIDISK.
  2378 | D:3      | Reached XP level 5. HP: 29/29 MP: 7/7
  2449 | D:3      | Found a shimmering altar of Xom.
  2609 | D:3      | 2609 ||| READING scroll of enchant weapon.
  2609 | D:3      | 2609 ||| ENCHANTING +3 shortbow.
  2634 | D:3      | Noticed Jessica
  2636 | D:3      | Killed Jessica
  2663 | D:3      | 2663 ||| Stepping ~*~*~tactically~*~*~ (outnumbered).
  2665 | D:3      | 2665 ||| Stepping ~*~*~tactically~*~*~ (outnumbered).
  2667 | D:3      | 2667 ||| Stepping ~*~*~tactically~*~*~ (outnumbered).
  2671 | D:3      | Reached skill level 9 in Ranged Weapons
  2741 | D:3      | Found a snail-covered altar of Cheibriados.
  3042 | D:4      | Reached skill level 1 in Armour
  3042 | D:4      | Reached XP level 6. HP: 35/35 MP: 8/8
  3066 | D:4      | Reached skill level 10 in Ranged Weapons
  3070 | D:4      | HP: 6/35 [gnoll/+0 spear (6)]
  3073 | D:4      | Reached skill level 3 in Dodging
  3077 | D:4      | HP: 4/35 [gnoll/+0 halberd (3)]
  3082 | D:4      | Reached XP level 7. HP: 5/40 MP: 9/9
  3310 | D:4      | Reached skill level 11 in Ranged Weapons
  3512 | D:4      | 3512 ||| Stepping ~*~*~tactically~*~*~ (outnumbered).
  3514 | D:4      | 3514 ||| Stepping ~*~*~tactically~*~*~ (outnumbered).
  3516 | D:4      | 3516 ||| Stepping ~*~*~tactically~*~*~ (outnumbered).
  3665 | D:4      | 3665 ||| FLEEEEING.
  3666 | D:4      | 3666 ||| FLEEEEING.
  3667 | D:4      | 3667 ||| FLEEEEING.
  3668 | D:4      | 3668 ||| STAIRDANCE
  3812 | D:5      | Entered Level 5 of the Dungeon
  3835 | D:5      | Reached skill level 12 in Ranged Weapons
  3891 | D:5      | 3891 ||| FLEEEEING.
  3892 | D:5      | 3892 ||| STAIRDANCE
  3930 | D:4      | 3930 ||| DROPPING +6 ring of intelligence.
  3936 | D:5      | Reached XP level 8. HP: 45/45 MP: 10/10
  3943 | D:5      | 3943 ||| STAIRDANCE
  3945 | D:4      | 3945 ||| DRINKING 5 potions of curing.
  3945 | D:4      | 3945 ||| (to cure confusion)
  3953 | D:4      | Reached skill level 3 in Fighting
  3975 | D:5      | 3975 ||| STAIRDANCE
  4134 | D:5      | You fall into a shaft and drop 2 floors!
  4156 | D:7      | Found an ancient bone altar of Kikubaaqudgha.
  4168 | D:7      | Reached skill level 13 in Ranged Weapons
  4245 | D:7      | Found a staircase to the Ecumenical Temple.
  4246 | D:7      | 4246 ||| PLANNING TEMPLE
  4246 | D:7      | 4246 ||| UPGRADING to +0 cloak.
  4251 | D:7      | 4251 ||| READING scroll labelled JAIRHIJ UTHROPN.
  4252 | D:7      | 4252 ||| READING 3 scrolls labelled REAC FOPIA.
  4253 | D:7      | 4253 ||| READING 2 scrolls of brand weapon.
  4253 | D:7      | 4253 ||| BRANDING +4 shortbow of draining.
  4254 | D:7      | 4254 ||| READING scroll of brand weapon.
  4254 | D:7      | 4254 ||| BRANDING +4 shortbow of flaming.
  4262 | Temple   | Entered the Ecumenical Temple
  4280 | Temple   | 4280 ||| PLANNING OKAWARU WORSHIP
  4489 | Temple   | Became a worshipper of Warmaster Okawaru
  4490 | Temple   | 4490 ||| PLANNING D:1-11
  4538 | D:7      | HP: 5/46 [orc warrior/+0 scimitar (13)]
  4539 | D:7      | Slain by an orc warrior

Levels and vault maps discovered:
D:1:      dpeg_arrival_tiny_a, layout_loops_corners, serial_shops,
          nicolae_shop_just_a_little_nook
D:2:      layout_basic, serial_shops, shop, minivault_4, grunt_decor_cap,
          minmay_pentomino_v4
D:3:      layout_basic, lemuel_round_altar, slow_altar_2,
          shapermc_ecumenical_altar_ellora, uniq_jessica, uniq_terence
D:4:      layout_layer_cave, serial_undead, serial_undead_e, serial_undead_d,
          serial_undead_a, serial_undead_e, hangedman_decor_growths
D:5:      layout_rooms, mainiacjoe_overflow_six_doors_small,
          minmay_misc_feat_diagonals, uniq_eustachio
D:7:      layout_layer_cave, nicolae_kikubaaqudgha_miasma_corner,
          minmay_temple_entry_glassed_door, enter_bailey_8,
          kennysheep_decorative_pillar
Temple:   mainiacjoe_temple_bowtie_tessellation

Skill      XL: |  1  2  3  4  5  6  7  8 |
---------------+-------------------------+-----
Ranged Weapons | 6 7 8 9 10 12 13 | 13.7
Fighting       | 2 3 |  3.0
Armour         | 1 |  1.5
Dodging        | 3 4 |  4.0
Stealth        | |  1.2

Action                     |  1- 3 |  4- 6 |  7- 9 || total
---------------------------+-------+-------+-------++-------
   Fire: Shortbow          |    80 |   101 |   146 ||   327
    Use: Scroll            |     6 |     2 |     4 ||    12
         Potion            |     2 |       |     1 ||     3
 Armour: Leather armour    |     4 |       |       ||     4
         Ring mail         |     1 |     9 |    21 ||    31
  Dodge: Dodged            |     9 |    10 |    17 ||    36

Table legend:
 A = Non-vault XP
 B = Vault XP
 C = Vault XP percentage of total XP
 D = Non-vault monster count
 E = Vault monster count
 F = Vault count percentage of total count
                 A         B        C        D         E       F
            +---------+---------+-------+---------+---------+-------
      Total |    2000 |     297 |  12.9 |     114 |      14 |  10.9
            +---------+---------+-------+---------+---------+-------
        D:1 |      22 |       0 |   0.0 |      11 |       0 |   0.0
        D:2 |      63 |       8 |  11.3 |      22 |       4 |  15.4
        D:3 |     128 |      81 |  38.8 |      28 |       3 |   9.7
        D:4 |     798 |     208 |  20.7 |      27 |       7 |  20.6
        D:5 |     464 |       0 |   0.0 |      16 |       0 |   0.0
        D:7 |     525 |       0 |   0.0 |      10 |       0 |   0.0
            +---------+---------+-------+---------+---------+-------
